 Dungeon Crawl Stone Soup version 0.22.0-38-g04b72b8 (webtiles) character file.

21366 dvd the Thaumaturge (level 12, -11/83 HPs)
             Began as a Demonspawn Venom Mage on Aug 29, 2018.
             Was a High Priest of Okawaru.
             Killed from afar by a frost giant (41 damage)
             ... with a bolt of cold
             ... in an ice cave.
             The game lasted 01:05:12 (14840 turns).

dvd the Thaumaturge (Demonspawn Venom Mage)        Turns: 14840, Time: 01:05:13

Health: -11/83     AC: 15    Str: 16    XL:     12   Next: 53%
Magic:  10/26      EV: 18    Int: 26    God:    Okawaru [*****.]
Gold:   751        SH:  2    Dex: 13    Spells: 9/32 levels left

rFire    + . .     SeeInvis .   x - +7 dagger (elec)
rCold    . . .     Gourm    .   (no shield)
rNeg     . . .     Faith    .   J - +4 leather armour "Ucvih" {Str+8}
rPois    +         Spirit   .   (no helmet)
rElec    .         Reflect  +   f - +0 cloak
rCorr    .         Harm     .   g - +0 pair of gloves
MR       .....                  (no boots)
Stlth    +++++++...             r - +2 amulet of reflection
HPRegen  0.23/turn              F - ring "Vogic" {rPois AC+2}
MPRegen  0.20/turn              z - +3 ring of intelligence

@: heroism, finesse
A: claws 2, talons 1, icy blue scales 2, fire resistance 1, nightstalker 2,
sense surroundings 1
a: Heroism, Finesse, Renounce Religion


You were in an ice cave.
You worshipped Okawaru.
Okawaru was extremely pleased with you.
You were not hungry.

You visited 2 branches of the dungeon, and saw 13 of its levels.
You also visited: Ice Cave.

You collected 751 gold pieces.

Inventory:

Hand Weapons
 i - a +2 dagger of pain
 l - a +2 short sword of draining
 u - a +4 hand axe of freezing
 x - a +7 dagger of electrocution (weapon)
 y - a +4 falchion
 B - a +2 dagger of protection
 D - the +0 war axe "Ogrebane" {freeze, +Fly rF+}
   (You found it on level 7 of the Dungeon)

   It has been specially enchanted to freeze those struck by it, causing extra
   injury to most foes and up to half again as much damage against particularly
   susceptible opponents.
   It can also slow down cold-blooded creatures.
   It protects you from fire.
   It lets you fly.
 N - a +3 longbow of flaming
 O - a -1 long sword
 Q - the +3 quick blade "Cexibb" {drain, Dex+5}
   (Okawaru gifted it to you on level 1 of the Lair of Beasts)

   A truly terrible weapon, it drains the life of those it strikes.
   It affects your dexterity (+5).
Missiles
 S - 3 steel javelins (quivered)
Armour
 f - a +0 cloak (worn)
 g - a +0 pair of gloves (worn)
 j - a +1 leather armour of poison resistance
 p - a +0 troll leather armour
 w - a +2 robe of fire resistance
 G - a +3 leather armour
 J - the +4 leather armour "Ucvih" (worn) {Str+8}
   (You found it on level 10 of the Dungeon)

   It affects your strength (+8).
Jewellery
 e - a +3 ring of strength
 r - a +2 amulet of reflection (around neck)
 z - a +3 ring of intelligence (right hand)
 F - the ring "Vogic" (left hand) {rPois AC+2}
   (You acquired it on level 8 of the Dungeon)

   [ring of protection]

   It affects your AC (+2).
   It protects you from poison.
 R - an uncursed amulet of the gourmand
Wands
 a - a wand of polymorph (16)
 h - a wand of iceblast (25)
 n - a wand of digging (16)
 E - a wand of paralysis (9)
 K - a wand of random effects (76)
 M - a wand of scattershot (5)
 P - a wand of flame (32)
 T - a wand of disintegration (12)
Scrolls
 b - 6 scrolls of teleportation
 d - 9 scrolls of identify
 k - 7 scrolls of amnesia
 o - a scroll of remove curse
 q - a scroll of enchant armour
 s - 5 scrolls of immolation
 C - a scroll of magic mapping
 L - a scroll of fear
Potions
 t - a potion of magic
 v - a potion of flight
 A - 6 potions of curing
 H - a potion of resistance
 I - a potion of brilliance {unknown}
Comestibles
 c - 29 rations
 m - 5 chunks of flesh


   Skills:
 + Level 4.1(9.1) Fighting
 + Level 6.3(11.3) Short Blades
 + Level 0.2(5.2) Axes
 + Level 3.6(8.6) Armour
 + Level 5.6(10.6) Dodging
 + Level 6.4(11.4) Stealth
 + Level 10.7 Spellcasting
 + Level 3.5 Conjurations
 + Level 0.8 Charms
 + Level 1.4 Necromancy
 + Level 0.8 Translocations
 + Level 5.9 Air Magic
 + Level 9.8 Poison Magic
 + Level 3.8 Invocations


You had 9 spell levels left.
You knew the following spells:

 Your Spells              Type           Power        Failure   Level  Hunger
a - Blink                 Tloc           N/A          5%          2    None
b - Poisonous Vapours     Pois/Air       ######       1%          2    None
c - Mephitic Cloud        Conj/Pois/Air  #####...     1%          3    None
d - Olgreb's Toxic Radia  Pois           ######..     1%          4    None
e - Regeneration          Chrm/Necr      ###.......   10%         3    None
f - Airstrike             Air            #####.....   4%          4    None
g - Venom Bolt            Conj/Pois      #####.....   9%          5    ###....

Your spell library contained the following spells:

 Spells                   Type           Power        Failure   Level  Hunger
 Magic Dart               Conj           ####         1%          1    None
 Shock                    Conj/Air       ####         1%          1    None
 Sting                    Conj/Pois      ####         1%          1    None
 Searing Ray              Conj           ####..       1%          2    None
 Swiftness                Chrm/Air       ####....     1%          2    None
 Spider Form              Tmut/Pois      #####.....   1%          3    None
 Animate Skeleton         Necr           N/A          2%          1    None
 Pain                     Necr           ###.         2%          1    None
 Static Discharge         Conj/Air       #####...     2%          3    None
 Beastly Appendage        Tmut           ##....       4%          1    None
 Corona                   Hex            ##.....      4%          1    None
 Sandblast                Erth           ##....       4%          1    None
 Summon Small Mammal      Summ           ##..         4%          1    None
 Call Imp                 Summ           ##......     8%          2    None
 Passwall                 Tmut/Erth      ##......     8%          2    None
 Slow                     Hex            ##......     8%          2    None
 Sticks to Snakes         Tmut           ##......     8%          2    None
 Conjure Flame            Conj/Fire      ###.....     8%          3    None
 Dazzling Spray           Conj/Hex       ###...       8%          3    None
 Stone Arrow              Conj/Erth      ###...       8%          3    None
 Vampiric Draining        Necr           ###.......   9%          3    None
 Iskenderun's Mystic Bla  Conj           ####....     12%         4    None
 Portal Projectile        Hex/Tloc       ###...       13%         3    None
 Call Canine Familiar     Summ           ##......     16%         3    None
 Inner Flame              Hex/Fire       ##......     16%         3    None
 Summon Guardian Golem    Hex/Summ       ##......     16%         3    None
 Summon Lightning Spire   Summ/Air       ####....     16%         4    None
 Force Lance              Conj/Tloc      ####....     21%         4    None
 Lightning Bolt           Conj/Air       #####.....   21%         5    ###....
 Fulminant Prism          Conj/Hex       ###.......   24%         4    None
 Animate Dead             Necr           N/A          28%         4    None
 Silence                  Hex/Air        ####......   38%         5    ###....
 Cause Fear               Hex            ##........   45%         4    None
 Ice Form                 Ice/Tmut       ##......     45%         4    None
 Leda's Liquefaction      Hex/Erth       ##........   45%         4    None
 Petrify                  Tmut/Erth      ##......     45%         4    None
 Summon Ice Beast         Ice/Summ       ##......     45%         4    None
 Blade Hands              Tmut           ##........   80%         5    ###....
 Lee's Rapid Deconstruct  Erth           ##........   80%         5    ###....
 Yara's Violent Unravell  Hex/Tmut       ##........   80%         5    ###....
 Deflect Missiles         Chrm/Air       ####......   88%         6    #####..
 Discord                  Hex            ##........   100%        8    #######


Dungeon Overview and Level Annotations

Branches:
Dungeon (11/15)            Temple (0/1) D:6            Lair (2/6) D:8
 Shoals (0/4) Lair:2          Orc (0/2) D:9
  Snake: Lair:2-4    Spider: Lair:2-4

Altars:
Ashenzari
Cheibriados
Gozag
Kikubaaqudgha
Nemelex Xobeh
Okawaru
Ru
Trog
Uskayaw
Vehumet
Xom
Yredelemnul
Zin

Annotations:
D:3 1 runed door
D:4 1 runed door, Greyaxe's ghost, amateur DrFi


Innate Abilities, Weirdness & Mutations

You have very sharp fingernails.
You are mostly covered in icy blue scales. (AC +3)
Your flesh is heat resistant. (rF+)
You are significantly more attuned to the shadows.
You have sharp toenails.
You passively map a small area around you.


Message History

You fail to use your ability.
The frost giant points at you and mumbles some strange words.
The bolt of cold hits you!
You can now deal lightning-fast blows.
The frost giant casts a spell at you. The bolt of cold misses you.
Unknown command.
Evoke which item? (* to show all) (? for menu, Esc to quit)
Aiming: Scattershot
Press: ? - help, Shift-Dir - straight line, f/p - frost giant
Aim: a frost giant, wielding a battleaxe of freezing The burst of metal fragments hits the frost giant. x4
The frost giant is lightly wounded.
Unknown command.
Casting: Blink (safe; 5% risk of failure)
Confirm with . or Enter, or press ? or * to list all spells.
You blink.
The frost giant casts a spell at you. The bolt of cold hits you!
You die...

* #$# *# ≈ ≈* #)##
##.. ,*** #.##...# ≈
* ###....# *
##...#### ≈ ###
###...##* ≈≈≈ ###..
#....##≈≈≈ ##..##
#§C...##≈ ≈≈≈≈
#..###
###.@..##########..#
###...##...##...#..
###...##...######
##########


You could see a frost giant.

Vanquished Creatures
  2 two-headed ogres (D:9)
  A death yak (IceCv)
  2 unseen horrors (D:10)
  An orc sorcerer (D:10)
  Maurice (D:10)
  A centaur zombie (D:9)
  A komodo dragon (Lair:1)
  3 rime drakes
  3 spiny frogs (Lair:1)
  2 trolls
  A tengu conjurer (D:10)
  10 polar bears (IceCv)
  A queen bee (D:9)
  6 blink frogs
  A hippogriff (D:7)
  Sigmund (D:6)
  19 yaks
  2 wyverns
  2 hungry ghosts
  A water moccasin (Lair:2)
  A porcupine (Lair:1)
  5 orc warriors
  A black bear (D:7)
  A sky beast (D:6)
  A phantom (D:5)
  2 necrophages
  9 ogres
  20 wolves
  5 centaurs
  A crocodile (Lair:1)
  2 big kobolds (D:9)
  7 bullfrogs
  Blork the orc (D:6)
  A water moccasin zombie (D:5)
  5 gnoll sergeants (D:9)
  4 scorpions
  17 killer bees (D:9)
  8 wights
  A howler monkey (D:9)
  7 crimson imps
  A bullfrog zombie (D:9)
  8 hounds
  4 orc priests
  A centaur skeleton (D:9)
  A gnoll shaman (D:4)
  3 jellies
  A bullfrog skeleton (D:8)
  10 orc wizards
  Ijyb (D:3)
  7 worker ants
  A hound zombie (D:7)
  A howler monkey skeleton (D:9)
  A howler monkey zombie (D:10)
  8 adders
  8 gnolls
  3 shadow imps
  4 worms
  5 dart slugs
  9 leopard geckos
  25 orcs
  2 ball pythons
  5 giant cockroaches
  5 goblins
  4 hobgoblins
  2 jackals (D:2)
  2 quokkas
  7 bats
  8 frilled lizards
  A jackal skeleton (D:5)
  A jackal zombie (D:8)
  7 kobolds
  A kobold skeleton (D:3)
  A leopard gecko skeleton (D:7)
  7 rats
315 creatures vanquished.

Vanquished Creatures (others)
  3 polar bears (IceCv)
  A yak (IceCv)
  A fungus (Lair:1)
5 creatures vanquished.

Grand Total: 320 creatures vanquished

Notes
Turn   | Place    | Note
-------+----------+-------------------------------------------
     0 | D:1      | dvd the Demonspawn Venom Mage began the quest for the Orb.
     0 | D:1      | Reached XP level 1. HP: 13/13 MP: 3/3
   683 | D:1      | Gained mutation: You are partially covered in icy blue scales. (AC +2) [demonic ancestry]
   683 | D:1      | Reached XP level 2. HP: 19/19 MP: 3/5
   915 | D:1      | Learned a level 2 spell: Poisonous Vapours
  1363 | D:2      | Reached XP level 3. HP: 20/24 MP: 0/6
  1416 | D:2      | Found a sparkling altar of Nemelex Xobeh.
  1582 | D:2      | Found a glowing silver altar of Zin.
  1590 | D:2      | Learned a level 3 spell: Mephitic Cloud
  2050 | D:2      | Found a sparkling altar of Nemelex Xobeh.
  2381 | D:3      | Noticed a human
  2382 | D:3      | Found a runed door.
  2384 | D:3      | Found a basalt altar of Yredelemnul.
  2530 | D:3      | Reached XP level 4. HP: 30/30 MP: 5/8
  2724 | D:3      | Noticed Ijyb
  2996 | D:3      | Gained mutation: Armour fits poorly on your strangely shaped body. [potion of mutation]
  2996 | D:3      | Gained mutation: Scrolls take you a little longer to read. [potion of mutation]
  2996 | D:3      | Gained mutation: You have a pair of small horns on your head. [potion of mutation]
  3026 | D:3      | Killed Ijyb
  3026 | D:3      | Reached skill level 1 in Short Blades
  3535 | D:4      | Gained mutation: You are slightly more attuned to the shadows. [demonic ancestry]
  3535 | D:4      | Reached XP level 5. HP: 16/35 MP: 3/9
  3538 | D:4      | Reached skill level 3 in Spellcasting
  3782 | D:4      | Learned a level 4 spell: Olgreb's Toxic Radiance
  3801 | D:4      | Reached skill level 1 in Air Magic
  3967 | D:4      | Noticed an ogre
  4024 | D:4      | Killed an ogre
  4024 | D:4      | Reached skill level 1 in Armour
  4024 | D:4      | Reached XP level 6. HP: 38/42 MP: 0/10
  4289 | D:4      | Found a runed door.
  4290 | D:4      | Noticed Greyaxe's ghost (amateur DrFi)
  4728 | D:4      | Gained mutation: You have sharp fingernails. [demonic ancestry]
  4728 | D:4      | Reached XP level 7. HP: 46/47 MP: 9/12
  4898 | D:5      | Entered Level 5 of the Dungeon
  5051 | D:5      | Reached skill level 1 in Fighting
  5097 | D:5      | Reached skill level 4 in Spellcasting
  5127 | D:5      | HP: 2/48 [orc wizard/puff of frost (5)]
  5133 | D:5      | HP: 1/48 [orc wizard/puff of frost (9)]
  5444 | D:5      | Found a radiant altar of Vehumet.
  5444 | D:5      | Found a bloodstained altar of Trog.
  5549 | D:5      | Found a hide-covered altar of Uskayaw.
  5549 | D:5      | Found a sacrificial altar of Ru.
  5549 | D:5      | Found an ancient bone altar of Kikubaaqudgha.
  5549 | D:5      | Found a snail-covered altar of Cheibriados.
  5549 | D:5      | Found an iron altar of Okawaru.
  5549 | D:5      | Found an opulent altar of Gozag.
  5581 | D:5      | Became a worshipper of Warmaster Okawaru
  5644 | D:5      | Reached skill level 5 in Poison Magic
  5861 | D:5      | Gained mutation: Your flesh is heat resistant. (rF+) [demonic ancestry]
  5861 | D:5      | Reached XP level 8. HP: 16/54 MP: 4/14
  6264 | D:5      | Reached * piety under Okawaru
  6270 | D:5      | Lost mutation: You have a pair of small horns on your head. [potion of mutation]
  6270 | D:5      | Lost mutation: Armour fits poorly on your strangely shaped body. [potion of mutation]
  6270 | D:5      | Lost mutation: Scrolls take you a little longer to read. [potion of mutation]
  6270 | D:5      | Gained mutation: You passively map a small area around you. [potion of mutation]
  6270 | D:5      | Gained mutation: You have sharp toenails. [potion of mutation]
  6287 | D:5      | Found a sparkling altar of Nemelex Xobeh.
  6288 | D:5      | Found a hide-covered altar of Uskayaw.
  6288 | D:5      | Found a shimmering altar of Xom.
  6291 | D:5      | Found a radiant altar of Vehumet.
  6291 | D:5      | Found a shattered altar of Ashenzari.
  6291 | D:5      | Found a sparkling altar of Nemelex Xobeh.
  6835 | D:6      | Reached skill level 5 in Spellcasting
  6942 | D:6      | Found a shattered altar of Ashenzari.
  6942 | D:6      | Found a hide-covered altar of Uskayaw.
  7163 | D:6      | Found a staircase to the Ecumenical Temple.
  7166 | D:6      | Noticed Blork the orc
  7181 | D:6      | Killed Blork the orc
  7298 | D:6      | Noticed Sigmund
  7308 | D:6      | Killed Sigmund
  7434 | D:7      | Noticed a hippogriff
  7446 | D:7      | Killed a hippogriff
  7446 | D:7      | Reached XP level 9. HP: 61/61 MP: 10/17
  7633 | D:7      | Reached skill level 6 in Spellcasting
  7734 | D:7      | Reached ** piety under Okawaru
  7900 | D:7      | Got a fine war axe
  7901 | D:7      | Identified the cursed +0 war axe "Ogrebane" {freeze, +Fly rF+} (You found it on level 7 of the Dungeon)
  8207 | D:8      | Learned a level 2 spell: Blink
  8515 | D:8      | You fall through a shaft for 3 floors!
  8519 | D:10     | Entered Level 10 of the Dungeon
  8609 | D:10     | Noticed an orc sorcerer
  8616 | D:10     | Killed an orc sorcerer
  8616 | D:10     | Reached skill level 7 in Spellcasting
  8621 | D:10     | Identified the Tome of Feathery Bewitchment
  8660 | D:10     | Learned a level 3 spell: Regeneration
  8849 | D:8      | Reached *** piety under Okawaru
  8969 | D:8      | Found a staircase to the Lair.
  8993 | D:8      | Identified a scroll of acquirement
  8994 | D:8      | Got a flickering granite ring
  8996 | D:8      | Identified the ring "Vogic" {rPois AC+2} (You acquired it on level 8 of the Dungeon)
  9156 | D:9      | Gained mutation: You have very sharp fingernails. [demonic ancestry]
  9156 | D:9      | Reached XP level 10. HP: 65/67 MP: 20/20
  9169 | D:9      | Noticed a two-headed ogre
  9182 | D:9      | Killed a two-headed ogre
  9270 | D:9      | Reached **** piety under Okawaru
  9781 | D:9      | Noticed a two-headed ogre
  9797 | D:9      | Killed a two-headed ogre
  9797 | D:9      | Reached ***** piety under Okawaru
  9797 | D:9      | Reached skill level 5 in Dodging
  9797 | D:9      | Reached skill level 8 in Spellcasting
  9797 | D:9      | Reached skill level 1 in Necromancy
  9880 | D:9      | Reached skill level 5 in Short Blades
 10183 | D:9      | Found a staircase to the Orcish Mines.
 10191 | D:9      | Reached skill level 5 in Stealth
 10193 | D:9      | Gained mutation: You are significantly more attuned to the shadows. [demonic ancestry]
 10193 | D:9      | Reached XP level 11. HP: 68/74 MP: 9/23
 10637 | D:10     | Killed an unseen horror
 10766 | D:10     | Reached skill level 9 in Spellcasting
 10814 | D:10     | Got a slimy leather armour
 10825 | D:10     | Identified the +4 leather armour "Ucvih" {Str+8} (You found it on level 10 of the Dungeon)
 10895 | D:10     | Learned a level 4 spell: Airstrike
 10956 | D:10     | Killed an unseen horror
 10956 | D:10     | Reached skill level 5 in Air Magic
 11084 | D:10     | Noticed Maurice
 11105 | D:10     | Killed Maurice
 11545 | Lair:1   | Entered Level 1 of the Lair of Beasts
 11723 | Lair:1   | Reached ****** piety under Okawaru
 11924 | Lair:1   | Received a gift from Okawaru
 11928 | Lair:1   | Got a scorched quick blade {god gift}
 11929 | Lair:1   | Identified the +3 quick blade "Cexibb" {drain, Dex+5} (Okawaru gifted it to you on level 1 of the Lair of Beasts)
 12590 | Lair:2   | Got a clouded tin ring
 12592 | Lair:2   | Identified the cursed ring "Wois" {rF+ Int-3} (You found it on level 2 of the Lair of Beasts)
 12680 | Lair:2   | Reached skill level 10 in Spellcasting
 12681 | Lair:2   | Found a frozen archway.
 12684 | Lair:2   | Gained mutation: You are mostly covered in icy blue scales. (AC +3) [demonic ancestry]
 12684 | Lair:2   | Reached XP level 12. HP: 73/83 MP: 13/26
 12691 | Lair:2   | Learned a level 5 spell: Venom Bolt
 12877 | IceCv    | Entered an ice cave
 13217 | IceCv    | Noticed a death yak
 13233 | IceCv    | Killed a death yak
 13581 | IceCv    | Received a gift from Okawaru
 13813 | IceCv    | Noticed a frost giant
 13816 | IceCv    | Received a gift from Okawaru
 13822 | IceCv    | HP: 4/83 [frost giant/bolt of cold (40)]
 14265 | IceCv    | HP: 2/83 [something (23)]
 14346 | IceCv    | HP: 2/83 [something (19)]
 14840 | IceCv    | Killed from afar by a frost giant

Skill      XL: |  1  2  3  4  5  6  7  8  9 10 11 12 |
---------------+-------------------------------------+-----
Stealth        | 2 3 4 5 6 |  6.4
Short Blades   | 1 2 4 5 6 |  6.3
Dodging        | 2 3 4 5 |  5.6
Poison Magic   | 4 5 6 7 8 9 |  9.8
Spellcasting   | 3 4 5 7 8 10 | 10.7
Air Magic      | 1 2 3 4 5 |  5.9
Armour         | 1 2 3 |  3.6
Fighting       | 1 2 3 4 |  4.1
Conjurations   | 2 3 |  3.5
Invocations    | 3 |  3.8
Necromancy     | 1 |  1.4
Axes           | |  0.2
Charms         | |  0.8
Translocations | |  0.8

Action                   |  1- 3 |  4- 6 |  7- 9 | 10-12 || total
-------------------------+-------+-------+-------+-------++-------
Melee: Short sword       |    43 |   137 |    13 |       ||   193
       Unarmed           |     2 |       |       |       ||     2
       Headbutt          |       |    13 |     4 |       ||    17
       Dagger            |       |       |   194 |   333 ||   527
       Kick              |       |       |    33 |    82 ||   115
       Hand axe          |       |       |    13 |       ||    13
       Quick blade       |       |       |       |    10 ||    10
       Punch             |       |       |       |     1 ||     1
 Cast: Sting             |    51 |    19 |     9 |       ||    79
       Poisonous Vapours |    18 |    29 |    47 |    40 ||   134
       Mephitic Cloud    |       |     2 |    10 |    33 ||    45
       Olgreb's Toxic Ra |       |       |     7 |    49 ||    56
       Blink             |       |       |     2 |     9 ||    11
       Regeneration      |       |       |     1 |    10 ||    11
       Airstrike         |       |       |       |     5 ||     5
       Venom Bolt        |       |       |       |     1 ||     1
Invok: Heroism           |       |       |     8 |     8 ||    16
       Finesse           |       |       |       |     2 ||     2
Evoke: Wand              |       |       |       |     2 ||     2
  Use: Potion            |       |     7 |     3 |     5 ||    15
       Scroll            |       |       |    19 |    10 ||    29
 Stab: Sleeping          |     1 |     2 |     6 |    16 ||    25
       Confused          |       |       |     3 |    13 ||    16
  Eat: Chunk             |     7 |     8 |    16 |    18 ||    49
       Ration            |       |       |       |     1 ||     1
Armor: Robe              |    14 |    32 |    35 |    24 ||   105
       Leather armour    |       |    12 |     9 |    47 ||    68
       Troll leather arm |       |       |       |    12 ||    12
Dodge: Dodged            |    33 |    82 |   114 |   194 ||   423
Block: Other             |       |     2 |     8 |    21 ||    31
       Reflection        |       |       |     2 |       ||     2
